 Dungeon Crawl Stone Soup version 0.23.2-33-g5129a83184 (webtiles) character file.

Game seed: 6279009033792027164

315 Felnil the Skirmisher (level 6, -1/51 HPs)
             Began as a Mummy Fighter on Aug 5, 2019.
             Killed by divine providence
             ... invoked by an orc priest
              (15 damage)
             ... on level 4 of the Dungeon.
             The game lasted 00:12:13 (3689 turns).

Felnil the Skirmisher (Mummy Fighter)               Turns: 3689, Time: 00:12:13

Health: -1/51      AC:  7    Str: 21    XL:     6   Next: 19%
Magic:  6/6        EV: 22    Int:  8    God:
Gold:   177        SH:  9    Dex: 11    Spells: 5/5 levels left

rFire    x . .     SeeInvis .   a - +1 war axe
rCold    + . .     Gourm    .   c - +0 shield
rNeg     + + +     Faith    .   b - +0 scale mail
rPois    ∞         Spirit   .   e - +0 helmet
rElec    .         Reflect  .   (no cloak)
rCorr    .         Harm     .   (no gloves)
MR       .....                  (no boots)
Stlth    ..........             h - amulet of the acrobat
HPRegen  0.17/turn              (no ring)
MPRegen  0.10/turn              (no ring)

@: about to teleport, acrobat
A: no food or potions, fire vulnerability, cold resistance 1, negative energy
resistance 3, torment resistance, unbreathing
a: no special abilities


You were on level 4 of the Dungeon.
You were not hungry.

You visited 1 branch of the dungeon, and saw 4 of its levels.

You collected 177 gold pieces.

Inventory:

Hand Weapons
 a - a +1 war axe (weapon)
Armour
 b - a +0 scale mail (worn)
 c - a +0 shield (worn)
 e - a +0 helmet (worn)
Jewellery
 h - an amulet of the acrobat (around neck)
Wands
 i - a wand of disintegration (16)
 j - a wand of digging (5)
Scrolls
 d - a scroll of amnesia
 f - 2 scrolls of identify
 k - a scroll of random uselessness {unknown}


   Skills:
 + Level 5.3 Fighting
 - Level 1.5 Axes
 - Level 2.4 Armour
 + Level 4.4 Shields


You had 5 spell levels left.
You didn't know any spells.
Your spell library was empty.

Dungeon Overview and Level Annotations

Branches:
Dungeon (4/15)
 Temple: D:4-7

Altars:
Vehumet

Shops:
D:4 }


Innate Abilities, Weirdness & Mutations

You do not eat or drink.
Your flesh is vulnerable to fire.
You are immune to poison.
Your flesh is cold resistant. (rC+)
You are immune to negative energy. (rN+++)
You are immune to unholy pain and torment.
You can survive without breathing.


Message History

The orc shouts!
The orc warrior barely misses you.
You closely miss the orc warrior.
The orc warrior hits you with a +0 dire flail!
The orc priest shouts!
You slash the orc warrior!
The orc warrior is heavily wounded.
The orc warrior hits you with a +0 dire flail!!
* * * LOW HITPOINT WARNING * * *
You are too injured to fight recklessly!
You are too injured to fight recklessly!
You are too injured to fight recklessly!
You are too injured to fight recklessly!
You are too injured to fight recklessly!
As you read the scroll of teleportation, it crumbles to dust.
You feel strangely unstable. You block the orc warrior's attack.
You block the orc's attack.
The orc priest calls down the wrath of Beogh upon you.
Beogh smites you!
You die...

#.....### . ...
...:..... ... .... ...
.......... ..## ...# .
... ..#...####.
#..###.>.#.. ...#.
#..# #..
....#..........#.
#..###.........##.....
##....................
#......o...###......#.
#...@o.o...#.......##
####.................
#..................
##.#...#...........
###...........>..#
###.............
##.###........#
#...#........##
#...........##


You could see an orc warrior, an orc priest and an orc.

Vanquished Creatures
  2 scorpions (D:4)
  An orc wizard (D:4)
  Terence (D:2)
  A worker ant (D:4)
  Robin (D:3)
  3 adders
  2 worms (D:3)
  3 dart slugs (D:1)
  3 leopard geckos
  5 orcs (D:4)
  9 bats
  6 giant cockroaches
  9 hobgoblins
  5 jackals
  4 kobolds
  2 quokkas (D:2)
  A ball python (D:1)
  3 frilled lizards
  12 goblins
  8 rats
81 creatures vanquished.

Notes
Turn   | Place    | Note
-------+----------+-------------------------------------------
     0 | D:1      | Felnil the Mummy Fighter began the quest for the Orb.
     0 | D:1      | Reached XP level 1. HP: 18/18 MP: 1/1
   432 | D:1      | Reached XP level 2. HP: 24/24 MP: 2/2
  1063 | D:2      | Noticed Terence
  1094 | D:2      | Killed Terence
  1094 | D:2      | Reached XP level 3. HP: 7/30 MP: 3/3
  1385 | D:2      | Reached skill level 4 in Fighting
  1403 | D:2      | Reached XP level 4. HP: 18/37 MP: 4/4
  2114 | D:3      | Noticed Robin
  2130 | D:3      | Killed Robin
  2381 | D:3      | Found a radiant altar of Vehumet.
  2386 | D:3      | Reached XP level 5. HP: 43/43 MP: 5/5
  3003 | D:4      | Found Bucosiw's Gadget Shop.
  3032 | D:4      | Noticed an orc warrior
  3039 | D:4      | HP: 1/43 [orc priest/divine providence (17)]
  3370 | D:4      | Reached skill level 5 in Fighting
  3639 | D:4      | Reached XP level 6. HP: 41/51 MP: 6/6
  3689 | D:4      | Killed from afar by an orc priest

Skill      XL: |  1  2  3  4  5 |
---------------+----------------+-----
Shields        | 3 4 |  4.4
Fighting       | 4 5 |  5.3
Axes           | |  1.5
Armour         | |  2.4

Action                   |  1- 3 |  4- 6 || total
-------------------------+-------+-------++-------
Melee: War axe           |   116 |   165 ||   281
  Use: Scroll            |     6 |     3 ||     9
Armor: Scale mail        |    48 |    75 ||   123
Dodge: Dodged            |    38 |    66 ||   104
Block: Shield            |    59 |    97 ||   156
